MLB
NEW YORK YANKEES @ SAN DIEGO PADRES
05/22/2098
 
TOP OF THE 1ST
New York Yankees batting - Pitching for San Diego Padres : RHP Chris Penn
Pitching: RHP Chris Penn
Batting: LHB John Blair 0-0: Ball
1-0: Swinging Strike
1-1: Ball
2-1: Foul Ball, location: 2F
2-2: Foul Ball, location: 5SF
2-2: Strikes out swinging
Batting: LHB Ryan McCullough 0-0: Ball
1-0: Foul Ball, location: 2F
1-1: Ball
2-1: Called Strike
2-2: Strikes out looking
Batting: RHB Brandon Thomas 0-0: Ball
1-0: Foul Ball, location: 2F
1-1: Ball
2-1: Ball
3-1: Fly out, F2 (Popup, 13S, EV 89.4 MPH)
Top of the 1st over - 0 runs, 0 hits, 0 errors, 0 left on base; New York 0 - San Diego 0
BOTTOM OF THE 1ST
San Diego Padres batting - Pitching for New York Yankees : RHP Anthony Gasper
Pitching: RHP Anthony Gasper
Batting: LHB R.J. Correll 0-0: Swinging Strike
0-1: Foul Ball, location: 23FF
0-2: Strikes out swinging
Batting: RHB Jose Barillas 0-0: Foul Ball, location: 5FF
0-1: Ball
1-1: Called Strike
1-2: Ball
2-2: Foul Ball, location: 5DF
2-2: Ball
3-2: Strikes out looking
Batting: RHB Tony Merkin 0-0: Called Strike
0-1: Ball
1-1: SINGLE (Groundball, 56D, EV 100.0 MPH)
Batting: LHB Bryan McLaughlin 0-0: Ball
1-0: Ball
2-0: Foul Ball, location: 7LSF
2-1: Swinging Strike
2-2: Ball
3-2: Strikes out swinging
Bottom of the 1st over - 0 runs, 1 hit, 0 errors, 1 left on base; New York 0 - San Diego 0
TOP OF THE 2ND
New York Yankees batting - Pitching for San Diego Padres : RHP Chris Penn
Batting: LHB Bill Hayden 0-0: Ball
1-0: Fly out, F8 (Line Drive, 8RM, EV 84.4 MPH)
Batting: SHB Seth Hardenbrook 0-0: Ball
1-0: Called Strike
1-1: Foul Ball, location: 3SF
1-2: Strikes out swinging
Batting: LHB Bobby Brown 0-0: Ball
1-0: Ball
2-0: Called Strike
2-1: Swinging Strike
2-2: Strikes out looking
Top of the 2nd over - 0 runs, 0 hits, 0 errors, 0 left on base; New York 0 - San Diego 0
BOTTOM OF THE 2ND
San Diego Padres batting - Pitching for New York Yankees : RHP Anthony Gasper
Batting: RHB Tony Woody 0-0: Foul Ball, location: 5DF
0-1: Ball
1-1: SOLO HOME RUN (Flyball, 9D, EV 100.6 MPH), Distance : 378 ft
Batting: RHB Chris Santos 0-0: Called Strike
0-1: Called Strike
0-2: Ball
1-2: DOUBLE (Flyball, 8LXD, EV 100.0 MPH)
Batting: LHB Jamie Wortman 0-0: Called Strike
0-1: Ground out 4-3 (Groundball, 4, EV 81.3 MPH)
Chris Santos to third
Batting: LHB Eric Schoonover 0-0: Called Strike
0-1: Foul Ball, location: 5SF
0-2: Fly out, F7 (Flyball, 7, EV 87.5 MPH)
Runner from 3rd tags up, OUT at HOME! 7-2
Bottom of the 2nd over - 1 run, 2 hits, 0 errors, 0 left on base; New York 0 - San Diego 1
TOP OF THE 3RD
New York Yankees batting - Pitching for San Diego Padres : RHP Chris Penn
Batting: RHB Aaron Comeaux 0-0: Called Strike
0-1: Ball
1-1: Ball
2-1: Ball
3-1: Called Strike
3-2: Foul Ball, location: 5FF
3-2: Strikes out looking
Batting: SHB Chris Clark 0-0: Ground out 6-3 (Groundball, 6MS, EV 70.6 MPH)
Batting: RHB Robby Junker 0-0: Swinging Strike
0-1: Ball
1-1: Called Strike
1-2: Strikes out swinging
Top of the 3rd over - 0 runs, 0 hits, 0 errors, 0 left on base; New York 0 - San Diego 1
BOTTOM OF THE 3RD
San Diego Padres batting - Pitching for New York Yankees : RHP Anthony Gasper
Batting: RHB Alfredo Beltran 0-0: Ground out 6-3 (Groundball, 6, EV 104.4 MPH)
Batting: LHB R.J. Correll 0-0: Ball
1-0: Foul Ball, location: 2F
1-1: Foul Ball, location: 5F
1-2: Ball
2-2: Ball
3-2: Fly out, F9 (Flyball, 89D, EV 95.6 MPH)
Batting: RHB Jose Barillas 0-0: Foul Ball, location: 3DF
0-1: Ball
1-1: DOUBLE (Flyball, 78XD, EV 109.4 MPH)
Batting: RHB Tony Merkin 0-0: Ball
1-0: SINGLE (Flyball, 9S, EV 94.4 MPH)
Jose Barillas to third
Runner from 3rd tries for Home, SAFE, throw by RF to home
Batting: LHB Bryan McLaughlin 0-0: Ball
1-0: Swinging Strike
1-1: Ball
2-1: Foul Ball, location: 23FF
2-2: Fielders Choice at 2nd, U4 (Groundball, 4M, EV 78.1 MPH)
Bottom of the 3rd over - 1 run, 2 hits, 0 errors, 1 left on base; New York 0 - San Diego 2
TOP OF THE 4TH
New York Yankees batting - Pitching for San Diego Padres : RHP Chris Penn
Pitching: RHP Assunção Frutuoso
Batting: LHB John Blair 0-0: Called Strike
0-1: Ball
1-1: Fly out, F9 (Flyball, 89M, EV 100.0 MPH)
Batting: LHB Ryan McCullough 0-0: Swinging Strike
0-1: Ball
1-1: Foul Ball, location: 7LDF
1-2: Ball
2-2: Ball
3-2: Foul Ball, location: 3FF
3-2: Foul Ball, location: 5DF
3-2: Fly out, F9 (Flyball, 89M, EV 95.0 MPH)
Batting: RHB Brandon Thomas 0-0: Called Strike
0-1: Ball
1-1: Ball
2-1: Fly out, F8 (Flyball, 78XD, EV 108.1 MPH)
Top of the 4th over - 0 runs, 0 hits, 0 errors, 0 left on base; New York 0 - San Diego 2
BOTTOM OF THE 4TH
San Diego Padres batting - Pitching for New York Yankees : RHP Anthony Gasper
Batting: RHB Tony Woody 0-0: Fly out, F3 (Line Drive, 3L, EV 72.5 MPH)
Batting: RHB Chris Santos 0-0: Ball
1-0: Ball
2-0: Ball
3-0: Base on Balls
Batting: LHB Jamie Wortman 0-0: Called Strike
0-1: Fly out, F8 (Flyball, 8LM, EV 85.0 MPH)
Batting: LHB Eric Schoonover 0-0: Ball
1-0: Ball
2-0: SINGLE (Line Drive, 8RS, EV 87.5 MPH)
Chris Santos to second
Batting: RHB Alfredo Beltran 0-0: Ball
1-0: Swinging Strike
1-1: Ball
2-1: Ground out 3-1 (Groundball, 34, EV 86.3 MPH)
Bottom of the 4th over - 0 runs, 1 hit, 0 errors, 2 left on base; New York 0 - San Diego 2
TOP OF THE 5TH
New York Yankees batting - Pitching for San Diego Padres : RHP Assunção Frutuoso
Batting: LHB Bill Hayden 0-0: Called Strike
0-1: Ball
1-1: Hit by Pitch
Batting: SHB Seth Hardenbrook 0-0: Ball
1-0: DOUBLE (Groundball, 5L, EV 109.4 MPH)
Bill Hayden to third
Batting: LHB Bobby Brown 0-0: Ground out U3 (Groundball, 34S, EV 77.5 MPH)
Batting: RHB Aaron Comeaux 0-0: Called Strike
0-1: Ball
1-1: Ball
2-1: Called Strike
2-2: Strikes out swinging
Batting: SHB Chris Clark 0-0: Called Strike
0-1: DOUBLE (Flyball, 89XD, EV 109.4 MPH)
Bill Hayden scores
Seth Hardenbrook scores
Batting: RHB Robby Junker 0-0: Swinging Strike
0-1: Foul Ball, location: 2F
0-2: Foul Ball, location: 5FF
0-2: Strikes out swinging
Top of the 5th over - 2 runs, 2 hits, 0 errors, 1 left on base; New York 2 - San Diego 2
BOTTOM OF THE 5TH
San Diego Padres batting - Pitching for New York Yankees : RHP Anthony Gasper
Batting: LHB R.J. Correll 0-0: Called Strike
0-1: Ball
1-1: Ground out U3 (Groundball, 3L, EV 79.4 MPH)
Batting: RHB Jose Barillas 0-0: Ball
1-0: Ball
2-0: Ball
3-0: Ground out 5-3 (Groundball, 56S, EV 86.3 MPH)
Batting: RHB Tony Merkin 0-0: Called Strike
0-1: Foul Ball, location: 2F
0-2: Ball
1-2: Foul Ball, location: 2F
1-2: SINGLE (Line Drive, 6M, EV 104.4 MPH)
Batting: LHB Bryan McLaughlin 0-0: Called Strike
0-1: Foul Ball, location: 5FF
0-2: Ball
1-2: Foul Ball, location: 3F
1-2: Ball
2-2: SINGLE (Flyball, 34D, EV 85.0 MPH)
Tony Merkin to second
Runner from 2nd tries for 3rd, SAFE, no throw by RF
Batting: RHB Tony Woody 0-0: Called Strike
0-1: Ball
1-1: SINGLE (Groundball, 56S, EV 63.1 MPH) (infield hit)
Tony Merkin scores
Bryan McLaughlin to second
Batting: RHB Chris Santos 0-0: Ball
1-0: Swinging Strike
1-1: Ball
2-1: Foul Ball, location: 2F
2-2: Fly out, F8 (Flyball, 78D, EV 82.5 MPH)
Bottom of the 5th over - 1 run, 3 hits, 0 errors, 2 left on base; New York 2 - San Diego 3
TOP OF THE 6TH
New York Yankees batting - Pitching for San Diego Padres : RHP Assunção Frutuoso
Pitching: LHP Juan Robles
Pinch Hitting: RHB Cedric Tracy 0-0: Called Strike
0-1: Ball
1-1: Ball
2-1: Ball
3-1: Foul Ball, location: 9LDF
3-2: Fly out, F3 (Line Drive, 3L, EV 63.8 MPH)
Batting: LHB Ryan McCullough 0-0: Ball
1-0: Swinging Strike
1-1: Foul Ball, location: 23F
1-2: Strikes out swinging, 2-3 out at first.
Batting: RHB Brandon Thomas 0-0: Ball
1-0: Foul Ball, location: 9LDF
1-1: Swinging Strike
1-2: Strikes out swinging
Top of the 6th over - 0 runs, 0 hits, 0 errors, 0 left on base; New York 2 - San Diego 3
BOTTOM OF THE 6TH
San Diego Padres batting - Pitching for New York Yankees : RHP Anthony Gasper
Now at 1B: Cedric Tracy
Batting: LHB Jamie Wortman 0-0: Ball
1-0: Ground out 6-3 (Groundball, P, EV 86.3 MPH)
Batting: LHB Eric Schoonover 0-0: Ground out 4-3 (Groundball, 4, EV 109.4 MPH)
Batting: RHB Alfredo Beltran 0-0: Foul Ball, location: 23F
0-1: Ball
1-1: Fly out, F9 (Flyball, 9D, EV 102.5 MPH)
Bottom of the 6th over - 0 runs, 0 hits, 0 errors, 0 left on base; New York 2 - San Diego 3
TOP OF THE 7TH
New York Yankees batting - Pitching for San Diego Padres : LHP Juan Robles
Batting: LHB Bill Hayden 0-0: Ball
1-0: Ground out U3 (Groundball, 3L, EV 88.8 MPH)
Batting: SHB Seth Hardenbrook 0-0: Called Strike
0-1: Ball
1-1: SINGLE (Groundball, 6MD, EV 105.0 MPH)
Batting: LHB Bobby Brown 0-0: Called Strike
0-1: Fly out, F7 (Flyball, 7D, EV 96.3 MPH)
Batting: RHB Aaron Comeaux 0-0: Called Strike
0-1: Ball
1-1: Swinging Strike
1-2: Ball
2-2: Fly out, F6 (Popup, 6MS, EV 68.1 MPH)
Top of the 7th over - 0 runs, 1 hit, 0 errors, 1 left on base; New York 2 - San Diego 3
BOTTOM OF THE 7TH
San Diego Padres batting - Pitching for New York Yankees : RHP Anthony Gasper
Batting: LHB R.J. Correll 0-0: Ball
1-0: Ball
2-0: Ball
3-0: Called Strike
3-1: Ground out 2-3 (Groundball, 2R, EV 65.6 MPH)
Batting: RHB Jose Barillas 0-0: Ground out 6-3 (Groundball, 6, EV 91.3 MPH)
Batting: RHB Tony Merkin 0-0: Ball
1-0: SINGLE (Groundball, 23, EV 71.3 MPH) (infield hit)
Batting: LHB Bryan McLaughlin 0-0: Ball
1-0: SINGLE (Line Drive, 9S, EV 93.1 MPH)
Tony Merkin to second
Runner from 2nd tries for 3rd, SAFE, throw by RF made to third
Batting: RHB Tony Woody 0-0: Ball
1-0: Ball
2-0: Called Strike
2-1: Fly out, F8 (Flyball, 89M, EV 90.6 MPH)
Bottom of the 7th over - 0 runs, 2 hits, 0 errors, 2 left on base; New York 2 - San Diego 3
TOP OF THE 8TH
New York Yankees batting - Pitching for San Diego Padres : LHP Juan Robles
Batting: SHB Chris Clark 0-0: Called Strike
0-1: Ball
1-1: Fly out, F4 (Popup, 34S, EV 75.6 MPH)
Batting: RHB Robby Junker 0-0: Ground out 6-3 (Groundball, 6M, EV 101.3 MPH)
Pitching: RHP George Hulings
Pinch Hitting: SHB Ethan Gavin 0-0: Ball
1-0: Foul Ball, location: 3SF
1-1: Called Strike
1-2: Strikes out looking
Top of the 8th over - 0 runs, 0 hits, 0 errors, 0 left on base; New York 2 - San Diego 3
BOTTOM OF THE 8TH
San Diego Padres batting - Pitching for New York Yankees : RHP Anthony Gasper
Pitching: RHP Terry Lichtenberg
Now at 1B: Ethan Gavin
Batting: RHB Chris Santos 0-0: Fly out, F4 (Popup, 4MD, EV 55.0 MPH)
Batting: LHB Jamie Wortman 0-0: Foul Ball, location: 2F
0-1: Ball
1-1: Fly out, F7 (Flyball, 78S, EV 92.5 MPH)
Batting: LHB Eric Schoonover 0-0: Called Strike
0-1: Fly out, F8 (Flyball, 78M, EV 91.9 MPH)
Bottom of the 8th over - 0 runs, 0 hits, 0 errors, 0 left on base; New York 2 - San Diego 3
TOP OF THE 9TH
New York Yankees batting - Pitching for San Diego Padres : RHP George Hulings
Batting: LHB Ryan McCullough 0-0: Foul Ball, location: 7LMF
0-1: Ball
1-1: Called Strike
1-2: Ball
2-2: Ball
3-2: Strikes out swinging
Batting: RHB Brandon Thomas 0-0: Foul Ball, location: 7LDF
0-1: Fly out, F9 (Flyball, 89S, EV 96.9 MPH)
Pitching: LHP Lorenzo Cabrera
Pinch Hitting: RHB Matt Foulds 0-0: Foul Ball, location: 25FF
0-1: Ball
1-1: Foul Ball, location: 9LMF
1-2: Foul Ball, location: 2LF
1-2: Foul Ball, location: 9LMF
1-2: SINGLE (Groundball, 6MD, EV 95.6 MPH)
Batting: SHB Seth Hardenbrook 0-0: Ball
1-0: Swinging Strike
1-1: Called Strike
1-2: Foul Ball, location: 2F
1-2: Ball
2-2: Foul Ball, location: 3F
2-2: Foul Ball, location: 2LF
2-2: Strikes out swinging
Top of the 9th over - 0 runs, 1 hit, 0 errors, 1 left on base; New York 2 - San Diego 3
Thursday, April 4th , 2024 - OOTP Baseball 24.11 Build 85